 Dungeon Crawl Stone Soup version 0.29-a0-231-g945431f764 (webtiles) character file.

Game seed: 1044646632212503667

68 lunkers the Shooter (level 4, -1/34 HPs)
             Began as a Barachi Hunter on Feb 28, 2022.
             Slain by Grinder (7 damage)
             ... on level 2 of the Dungeon.
             The game lasted 00:02:04 (1996 turns).

lunkers the Shooter (Barachi Hunter)                Turns: 1996, Time: 00:02:04

Health: -1/34      AC:  6    Str: 14    XL:     4   Next: 19%
Magic:  4/4        EV: 11    Int: 11    God:
Gold:   156        SH:  0    Dex: 14    Spells: 3/3 levels left

rFire   . . .      SeeInvis .   a - +1 shortbow
rCold   . . .      Faith    .   (shield currently unavailable)
rNeg    . . .      Spirit   .   c - +0 ring mail
rPois   .          Reflect  .   (no helmet)
rElec   .          Harm     .   i - +0 cloak
rCorr   .          Rampage  .   (no gloves)
Will    +....                   (no boots)
Stlth   +.........              (no amulet)
HPRegen 0.11/turn               d - ring of willpower
MPRegen 0.09/turn               (no ring)

@: slow
A: amphibious, slowness 1, strong legs 1, +LOS
a: Hop


You were on level 2 of the Dungeon.
You visited 1 branch of the dungeon, and saw 3 of its levels.

You collected 156 gold pieces.

Inventory:

Hand Weapons
 a - a +1 shortbow (weapon)
Missiles
 k - a throwing net
Armour
 b - a +0 leather armour
 c - a +0 ring mail (worn)
 i - a +0 cloak (worn)
Jewellery
 d - a ring of willpower (left hand)
 n - a +4 ring of slaying
Scrolls
 e - 2 scrolls of identify {unknown}
 f - a scroll of silence {unknown}
 g - 2 scrolls of teleportation {unknown}
 l - a scroll of summoning {unknown}
 m - a scroll of noise {unknown}
 o - a scroll of fog {unknown}
 p - a scroll of immolation {unknown}
Potions
 h - a potion of curing {unknown}
 j - a potion of resistance {unknown}


   Skills:
 - Level 2.4 Fighting
 * Level 5.6 Bows
 - Level 2.1 Dodging
 - Level 0.8 Stealth


You had 3 spell levels left.
You didn't know any spells.
Your spell library was empty.

Dungeon Overview and Level Annotations

Branches:
Dungeon (3/15)

Altars:

Shops:
D:2 [

Annotations:
D:2 Grinder


Innate Abilities, Weirdness & Mutations

You are amphibious.
You cover ground slowly.
You can hop short distances.
You have an extended range of vision and can be seen from far away.


Message History

Aim: Grinder (heavily wounded, 60% to hit)
You shoot an arrow. The arrow hits Grinder.
Grinder is heavily wounded.
Grinder barely misses you. The dart slug launches a dart at you.
The slug dart misses you.
Unknown command.
Shoot: a) +1 shortbow
Press: ? - help, Q - select action, (/) - cycle Shift-Dir - straight line, f/p - Grinder
Aim: Grinder (heavily wounded, 60% to hit)
You shoot an arrow.
The arrow hits Grinder but does no damage.
Grinder is heavily wounded.
Grinder hits you but does no damage. Grinder completely misses you.
The dart slug closely misses you.
Unknown command.
Shoot: a) +1 shortbow
Press: ? - help, Q - select action, (/) - cycle Shift-Dir - straight line, f/p - Grinder
Aim: Grinder (heavily wounded, 60% to hit)
You shoot an arrow. The arrow hits Grinder.
Grinder is severely wounded.
Grinder hits you.
* * * LOW HITPOINT WARNING * * *
Shoot: a) +1 shortbow
Press: ? - help, Q - select action, (/) - cycle Shift-Dir - straight line, f/p - Grinder
Aim: Grinder (severely wounded, 60% to hit)
You shoot an arrow. The arrow closely misses Grinder.
The dart slug barely misses you. Grinder hits you.
* * * LOW HITPOINT WARNING * * *
Unknown command.
Shoot: a) +1 shortbow
Press: ? - help, Q - select action, (/) - cycle Shift-Dir - straight line, f/p - Grinder
Aim: Grinder (severely wounded, 60% to hit)
You shoot an arrow. The arrow closely misses Grinder.
Grinder hits you.
* * * LOW HITPOINT WARNING * * *
You writhe in agony.
* * * LOW HITPOINT WARNING * * *
The dart slug closely misses you. Grinder hits you!
You die...

....#.##........#.#..........##..
....#.............#.###.#######..
....#..######.#.###.# #.# #..
#...#.........#.# #.# #.# #..
#...##.########.# #.###.#######..
#...#........##.# #..............
.............##.#######.#######.#
#####........##..................
# #........##5@.......#######.. #
#........#.w......#.# #.. #
#........########.#########..
#........# #..........<.
#........# #.##########.
#........# #.# #. #).......# #.#
#. #........# #.# #. ##########
### ##


You could see Grinder and a dart slug.

Vanquished Creatures
  An adder (D:2)
  2 dart slugs (D:2)
  An orc (D:2)
  10 endoplasms
  2 giant cockroaches
  3 goblins
  6 hobgoblins
  2 quokkas
  8 ball pythons
  3 bats
  2 frilled lizards
  5 kobolds
  3 rats
48 creatures vanquished.

Notes
Turn   | Place    | Note
-------+----------+-------------------------------------------
     0 | D:1      | lunkers the Barachi Hunter began the quest for the Orb.
     0 | D:1      | Reached XP level 1. HP: 17/17 MP: 1/1
    27 | D:1      | Found a faded altar of an unknown god.
    79 | D:1      | Reached XP level 2. HP: 14/23 MP: 2/2
   762 | D:1      | Reached XP level 3. HP: 28/28 MP: 3/3
   962 | D:1      | Reached skill level 5 in Bows
  1307 | D:2      | Found Tenis's Armour Boutique.
  1492 | D:2      | Reached XP level 4. HP: 29/34 MP: 4/4
  1976 | D:3      | Noticed Grinder
  1996 | D:2      | Slain by Grinder

Illustrated notes

Levels and vault maps discovered:
D:1:      mushboom_english_gardens, layout_basic,
          hellmonk_ecumenical_altar_pennies_from_heaven, minmay_tetromino_t2
D:2:      layout_basic, serial_shops, shop, minivault_14,
          minmay_randomly_rotated_circles
D:3:      layout_basic, zin_statuary, uniq_jessica, uniq_sigmund, uniq_grinder

Skill      XL: |  1  2  3 |
---------------+----------+-----
Bows           | 5 |  5.6
Fighting       | |  2.4
Dodging        | |  2.1
Stealth        | |  0.8

Action                   |  1- 3 |  4- 6 || total
-------------------------+-------+-------++-------
 Fire: Shortbow          |    94 |    32 ||   126
Armor: Ring mail         |    18 |     9 ||    27
Dodge: Dodged            |    28 |    23 ||    51

Table legend: (Time is in decaauts)
 A = Elapsed time spent in this place.
 B = Non-inter-level travel time spent in this place.
 C = Inter-level travel time spent in this place.
 D = Time resting spent in this place.
 E = Time spent auto-exploring this place.
 F = Levels seen in this place.
 G = Mean time per level.
                   A        B        C        D        E       F      G
               +--------+--------+--------+--------+--------+-----+--------+
         Total |   2347 |   2241 |    106 |      0 |   1956 |   3 |  782.3 |
       Dungeon |   2347 |   2241 |    106 |      0 |   1956 |   3 |  782.3 |
               +--------+--------+--------+--------+--------+-----+--------+

Top non-repeatable levels by time:
     D:1: 1218 daAuts
     D:2: 1113 daAuts
     D:3: 15 daAuts
